Unix NetHack Version 5.0.0-0 post-release - last build May 10 2026 23:12:36 (d1fa5d53e341ca933230fdaa984d921c805b60aa,branch:main).

Game began 2026-05-12 20:28:36, ended 2026-05-12 20:44:31.

Drastanta, lawful male human Archeologist

 -------------
 |...........|                                        ----
 |...........|                                       |d..-
 |(..-----....                                   #0#f@B..|
 |...|...|{..|      ------------                  ###|.$o.
 |...|...|...|      |..........|                  #   ...|
 |...|...|...|      ...........|               ####   --#-
 |...-|---...-##    |...........             ###
 |.....<.....| #####-..........|##         ###
 |...........|      |...........#######     #
 -------------      |..........|    #       #
                    ------------    #       #
                                    #       #
                                    #-------#
                                    #.......#
                                     |.....|
                                     |.....|
                                     -------

Drastanta the Field Worker  St:10 Dx:7 Co:13 In:18 Wi:16 Ch:10  Lawful
Dlvl:5  $:55 HP:0(25) Pw:6(6) AC:7  Xp:3 T:1291 

Latest messages:
 In what direction? 4
 You kick a locked large box.
 THUD!
 In what direction? 4
 You kick a locked large box.
 THUD!
 You break open the lock!
 You see here a broken large box.
 You decipher the label on your scroll labeled VE FORBRYDERNE.
 x - a scroll of enchant armor.
 You kill the newt!
 You see here a stained spellbook.
 y - a stained spellbook.
 The door resists!
 The door resists!
 The door opens.
 The door opens.
 You hear the footsteps of a guard on patrol.
 You see here a lamp.
 You don't find anything here to loot.
 You see here a lamp.
 z - a lamp.
 You stop.  Your kitten is in the way!
 You see here 8 gold pieces.
 $ - 8 gold pieces (55 in total).
 With great effort you move the boulder.
 You try to move the boulder, but in vain.
 You swap places with your kitten.
 You find a hidden door.
 You swap places with your kitten.
 The door resists!
 The door resists!
 The door opens.
 The little dog just misses!
 The little dog bites!
 You lash the coyote.
 The little dog bites!
 The coyote bites!
 You kill the coyote!
 The little dog bites!
 The little dog bites!
 You stop.  Your kitten is in the way!
 The little dog bites!
 The little dog bites!
 You die...
 Do you want your possessions identified? [ynq] (y) y
 Do you want to see your attributes? [ynq] (y) y
 Do you want an account of creatures vanquished? [ynaq] (y) y
 Do you want to see your conduct and achievements? [ynq] (y) y
 Do you want to see the dungeon overview? [ynq] (y) y

Inventory:
 Coins    ('$')
  $ - 55 gold pieces
 Weapons  (')')
  v - a +0 elven dagger
  a - a +2 bullwhip (weapon in right hand)
 Armor    ('[')
  c - an uncursed +0 fedora (being worn)
  j - an uncursed +0 pair of iron shoes (being worn)
  b - an uncursed +0 leather jacket (being worn)
 Comestibles  ('%')
  p - an uncursed slime mold
  u - an uncursed cram ration
  d - 3 uncursed food rations
 Scrolls  ('?')
  s - an uncursed scroll of confuse monster
  x - an uncursed scroll of enchant armor
  t - an uncursed scroll of identify
  n - an uncursed scroll of light
 Spellbooks  ('+')
  y - an uncursed spellbook of drain life
 Potions  ('!')
  k - 2 uncursed potions of healing
 Rings    ('=')
  l - a cursed ring of teleport control
 Tools    ('(')
  h - an empty uncursed sack
  r - an uncursed bugle
  i - a magic marker (0:21)
  z - an uncursed oil lamp
  e - a +0 pick-axe (alternate weapon; not wielded)
  f - a tinning kit (0:94)
 Gems/Stones  ('*')
  g - an uncursed touchstone

Drastanta the Archeologist's attributes:

Background:
 You were a Field Worker, a level 3 male human Archeologist.
 You were lawful, on a mission for Quetzalcoatl
 who was opposed by Camaxtli (neutral) and Huhetotl (chaotic).
 You were right-handed.
 You were in the Dungeons of Doom, on level 5.
 You entered the dungeon 1291 turns ago.
 You had 48 experience points, 32 more were needed to attain level 4.

Basics:
 You had 0 out of 25 hit points.
 You had all 6 energy points (spell power).
 Your armor class was 7.
 Your wallet contained 55 zorkmids.
 Autopickup was off.

Final Characteristics:
 Your strength was 10 (limit:18/100).
 Your dexterity was 7 (limit:18).
 Your constitution was 13 (limit:18).
 Your intelligence was 18 (limit:18).
 Your wisdom was 16 (limit:18).
 Your charisma was 10 (limit:18).

Final Status:
 You weren't hungry.
 You were unencumbered.
 You were wielding a whip.
 You had basic skill with whip.

Final Attributes:
 You were devoutly aligned.
 You had automatic searching.
 You were lucky.
 You are dead.

Miscellaneous:
 You didn't encounter any bones levels.
 Total elapsed playing time was 15 minutes and 54 seconds.

Major events:
 Turn
    1: Drastanta the lawful male human Archeologist entered the dungeon
  951: entered the Gnomish Mines
 1134: attained the rank of Field Worker (level 3)
 1291: killed by a little dog

You didn't know any spells.

Skills:
 Fighting Skills
   bare handed combat [Unskilled]
   two weapon combat  [Unskilled]
   riding             [Unskilled]
 Weapon Skills
   dagger             [Unskilled]
   knife              [Unskilled]
   pick-axe           [Basic]
   short sword        [Unskilled]
   saber              [Unskilled]
   club               [Unskilled]
   quarterstaff       [Unskilled]
   sling              [Unskilled]
   dart               [Unskilled]
   boomerang          [Unskilled]
   whip               [Basic]
   unicorn horn       [Unskilled]
 Spellcasting Skills
   attack spells      [Unskilled]
   healing spells     [Unskilled]
   divination spells  [Unskilled]
   matter spells      [Unskilled]

Voluntary challenges:
 Character rerolling was not enabled.
 You followed a strict vegan diet.
 You never genocided any monsters.
 You never polymorphed an object.
 You never changed form.
 You used no wishes.
Achievements:
 You entered the Gnomish Mines.
 You attained the rank of Field Worker.

 The Dungeons of Doom: levels 1 to 5
    Level 1:
       Some fountains.
    Level 2:
    Level 3:
    Level 4:
       Stairs down to The Gnomish Mines.
    Level 5: <- You were here.
       A fountain.
       Final resting place for
          you, killed by a little dog.
 The Gnomish Mines:
    Level 5:


Vanquished creatures:
  a giant bat
 an acid blob
  a coyote
  a gas spore
  a hobbit
  a yellow mold
  3 garter snakes
  3 jackals
  2 kobolds
  2 goblins
  a sewer rat
  2 grid bugs
  2 lichens
  a kobold zombie
  2 newts
24 creatures vanquished.

No species were genocided or became extinct.

Game over:
                       ----------
                      /          \
                     /    REST    \
                    /      IN      \
                   /     PEACE      \
                  /                  \
                  |    Drastanta     |
                  |      55 Au       |
                  |   killed by a    |
                  |    little dog    |
                  |                  |
                  |                  |
                  |       2026       |
                 *|     *  *  *      | *
        _________)/\\_//(\/(/\)/\//\/|_)_______

Goodbye Drastanta the Archeologist...

You died in The Dungeons of Doom on dungeon level 5 with 442 points,
and 55 pieces of gold, after 1291 moves.
You were level 3 with a maximum of 25 hit points when you died.

